 Dungeon Crawl Stone Soup version 0.31-a0-237-g2d982f9f85 (webtiles) character file.

Game seed: 18014186032119488027

32 qw the Shooter (level 3, -2/21 HPs)
             Began as a Gargoyle Hexslinger on July 10, 2023.
             Slain by a gnoll
             ... wielding a +0 flail
              (10 damage)
             ... on level 2 of the Dungeon.
             The game lasted 00:00:22 (871 turns).

qw the Shooter (Gargoyle Hexslinger)                 Turns: 871, Time: 00:00:23

Health: -2/21      AC:  5    Str: 11    XL:     3   Next: 27%
Magic:  4/4        EV: 12    Int: 13    God:
Gold:   61         SH:  0    Dex: 14    Spells: 3/4 levels left

rFire   . . .        Y - +1 sling
rCold   . . .        (no shield)
rNeg    + . .        c - +0 robe
rPois   inf          (no helmet)
rElec   +            (no cloak)
rCorr   .            (no gloves)
SInv    .            (no boots)
Will    .....        (no amulet)
Stlth   +            (no ring)
HPRegen 0.23/turn    (no ring)
MPRegen 0.09/turn

%: no passive effects
@: no status effects
A: sickness immunity, AC +3, negative energy resistance 1, electricity
resistance, torment resistance 1, petrification resistance
a: no special abilities


You were on level 2 of the Dungeon.
You visited 1 branch of the dungeon, and saw 2 of its levels.

You collected 61 gold pieces.


Innate Abilities, Weirdness & Mutations

You are immune to sickness and miasma.
Your stone body is resilient. (AC +3)
You are immune to poison.
You resist negative energy. (rN+)
You are resistant to electric shocks. (rElec)
You are resistant to unholy torment.
You are immune to petrification.


   Skills:
 - Level 2.0 Fighting
 + Level 3.2 Ranged Weapons
 - Level 1.5 Dodging
 - Level 1.0 Spellcasting
 - Level 2.6 Hexes


You had 3 spell levels left.
You knew the following spells:

 Your Spells              Type           Power      Damage    Failure   Level
a - Slow                  Hex            28%        N/A       10%         1

Your spell library contained the following spells:

 Spells                   Type           Power      Damage    Failure   Level
 Inner Flame              Hex/Fire       4%         N/A       43%         3
 Portal Projectile        Hex/Tloc       8%         N/A       43%         3
 Cause Fear               Hex            3%         N/A       67%         4

Inventory:

Hand Weapons
 Y - a +1 sling (weapon)
Armour
 a - a +0 ring mail
 c - a +0 robe (worn)
 j - the +1 robe of Moeggir {Str+3}
   (You found it on level 2 of the Dungeon)

   Str:       It affects your strength (+3).
Jewellery
 h - an amulet of the acrobat
Scrolls
 f - 2 scrolls of identify
 k - a scroll of revelation {unknown}
Potions
 b - a potion of invisibility {unknown}
 d - a potion of brilliance {unknown}
 e - a potion of heal wounds {unknown}
 g - a potion of degeneration {unknown}
 i - a potion of might {unknown}

Dungeon Overview and Level Annotations

Branches:
Dungeon (2/15)

Altars:


Message History

You open the door.
There is an open door here.
k - a scroll labelled NUP MISUYBAT
Enter note:
Enter note:
Enter note:
Enter note: You now have 61 gold pieces (gained 14).
You open the door.
There is an open door here. 2 gnolls come into view.
Found a whip.
The gnoll shouts!
The gnoll moves out of view.
Enter note:
Enter note:
Enter note:
Enter note:
Enter note:
Enter note: You shoot a sling bullet.
The sling bullet hits the gnoll but does no damage.
A gnoll comes into view. It is wielding a +0 whip.
A gnoll comes into view. It is wielding a +0 flail.
You shoot a sling bullet. The gnoll shouts! x2
The sling bullet hits the gnoll.
The gnoll is moderately wounded.
You shoot a sling bullet. The sling bullet hits the gnoll.
The gnoll is moderately wounded.
You shoot a sling bullet.
The sling bullet closely misses the gnoll.
The gnoll hits you with a +0 flail.
You shoot a sling bullet. The sling bullet hits the gnoll.
The gnoll is heavily wounded.
The gnoll hits you with a +0 whip. The gnoll hits you with a +0 flail.
You shoot a sling bullet.
The sling bullet closely misses the gnoll.
The gnoll barely misses you. The gnoll hits you with a +0 flail!
You die...

..... ..... ......
...... .....g#
######### ......g
#.#.....#####
......g####'#..........
......g@...........####
...................#
...................#
...................#
...................#
..........#+#......#
..........# #......#
###.......#.#......#
#.#......#


You could see 4 gnolls.

Vanquished Creatures
  2 dart slugs (D:2)
  4 endoplasms
  3 goblins (D:1)
  4 hobgoblins (D:1)
  2 ball pythons (D:1)
  4 bats
  A frilled lizard (D:1)
  2 kobolds (D:1)
  7 rats
29 creatures vanquished.

Notes
Turn   | Place    | Note
-------+----------+-------------------------------------------
     0 | D:1      | qw the Gargoyle Hexslinger began the quest for the Orb.
     0 | D:1      | Reached XP level 1. HP: 12/12 MP: 2/2
     0 | D:1      | 0 ||| qw: Version: 0.3-a-52-g30416fa
     0 | D:1      | 0 ||| qw: Game counter: 4988
     0 | D:1      | 0 ||| qw: Melee chars always use a shield: true
     0 | D:1      | 0 ||| qw: God list: Okawaru
     0 | D:1      | 0 ||| qw: Allow faded altars: false
     0 | D:1      | 0 ||| qw: Do Orc after clearing Dungeon:15 true
     0 | D:1      | 0 ||| qw: Do second Lair branch before Depths: true
     0 | D:1      | 0 ||| qw: Lair rune preference: random
     0 | D:1      | 0 ||| qw: Goals: Normal
     0 | D:1      | 0 ||| PLANNING D:1-11
   127 | D:1      | Reached XP level 2. HP: 16/16 MP: 3/3
   244 | D:1      | Reached skill level 3 in Ranged Weapons
   260 | D:1      | 260 ||| Stepping ~*~*~tactically~*~*~ (outnumbered).
   398 | D:1      | Found a faded altar of an unknown god.
   449 | D:1      | Reached XP level 3. HP: 21/21 MP: 4/4
   547 | D:1      | 547 ||| READING 2 scrolls labelled GESTRI MACLUGIP.
   548 | D:1      | 548 ||| READING 2 scrolls labelled UPPOUNK IRIXYGH.
   549 | D:1      | 549 ||| READING scroll labelled NYINOB EDEPNAOPH.
   550 | D:1      | 550 ||| READING scroll labelled IDUBIU BOLIEPH.
   551 | D:1      | 551 ||| DROPPING scroll of vulnerability.
   552 | D:1      | 552 ||| DROPPING scroll of poison.
   776 | D:2      | Identified the +1 robe of Moeggir {Str+3}
   871 | D:2      | Slain by a gnoll

Levels and vault maps discovered:
D:1:      scummos_arrival_simple_crosswalls, layout_rooms,
          shapermc_ecumenical_altar_rom_forum, minmay_tromino_v4_a
D:2:      layout_basic, supply_closet_lemuel

Skill      XL: |  1  2 |
---------------+-------+-----
Ranged Weapons | 3 |  3.2
Fighting       | 2 |  2.0
Dodging        | |  1.5
Spellcasting   | |  1.0
Hexes          | |  2.6

Action                     || total
---------------------------++-------
   Fire: Sling             ||    77
    Use: Scroll            ||     4
 Armour: Robe              ||     4
  Dodge: Dodged            ||    14

Table legend:
 A = Non-vault XP
 B = Vault XP
 C = Vault XP percentage of total XP
 D = Non-vault monster count
 E = Vault monster count
 F = Vault count percentage of total count
                 A         B        C        D         E       F
            +---------+---------+-------+---------+---------+-------
      Total |      42 |       5 |  10.6 |      26 |       3 |  10.3
            +---------+---------+-------+---------+---------+-------
        D:1 |      29 |       5 |  14.7 |      21 |       3 |  12.5
        D:2 |      13 |       0 |   0.0 |       5 |       0 |   0.0
            +---------+---------+-------+---------+---------+-------
